 Dungeon Crawl Stone Soup version 0.29-a0-88-g03a7b78be7 (webtiles) character file.

Game seed: 51616564362344685

35 HallandMoats the Skirmisher (level 3, -1/29 HPs)
             Began as a Demonspawn Fighter on Feb 5, 2022.
             Slain by Sigmund (4 damage)
             ... on level 2 of the Dungeon on Feb 6, 2022.
             The game lasted 00:03:11 (1335 turns).

HallandMoats the Skirmisher (Demonspawn Fighter)    Turns: 1335, Time: 00:03:12

Health: -1/29      AC:  6    Str: 24    XL:     3   Next: 17%
Magic:  4/4        EV:  9    Int:  9    God:
Gold:   29         SH:  4    Dex: 12    Spells: 2/2 levels left

rFire   . . .      SeeInvis .   (no weapon)
rCold   . . .      Faith    .   c - +0 buckler
rNeg    . . .      Spirit   .   b - +0 scale mail
rPois   .          Reflect  .   (no helmet)
rElec   .          Harm     .   (no cloak)
rCorr   .          Rampage  .   (no gloves)
Will    .....                   (no boots)
Stlth   ..........              (no amulet)
HPRegen 0.09/turn               e - +6 ring of strength
MPRegen 0.09/turn               (no ring)

@: mighty
A: claws 1
a: no special abilities


You were on level 2 of the Dungeon.
You visited 1 branch of the dungeon, and saw 2 of its levels.

You collected 29 gold pieces.

Inventory:

Hand Weapons
 a - a +0 war axe
Armour
 b - a +0 scale mail (worn)
 c - a +0 buckler (worn)
Jewellery
 e - a +6 ring of strength (left claw)
Scrolls
 f - a scroll of fear {unknown}
 g - a scroll of immolation {unknown}
 i - a scroll of summoning {unknown}
 j - a scroll of teleportation {unknown}
Potions
 h - a potion of haste {unknown}
 k - a potion of brilliance {unknown}
 l - a potion of heal wounds {unknown}


   Skills:
 + Level 3.2 Fighting
 - Level 2.0 Axes
 + Level 2.8 Armour
 + Level 0.5 Dodging
 + Level 2.8 Shields
 * Level 0.9 Unarmed Combat
 + Level 1.5 Invocations


You had 2 spell levels left.
You didn't know any spells.
Your spell library contained the following spells:

 Spells                   Type           Power      Damage    Failure   Level
 Ensorcelled Hibernation  Hex/Ice        0%         N/A       89%         2
 Passwall                 Tmut/Erth      0%         N/A       89%         2
 Swiftness                Air            0%         N/A       98%         3


Dungeon Overview and Level Annotations

Branches:
Dungeon (2/15)

Altars:

Shops:
D:1 *

Annotations:
D:2 Sigmund


Innate Abilities, Weirdness & Mutations

You have sharp fingernails.


Message History

Level annotation: Sigmund
There is a stone staircase leading up here.
You feel very mighty all of a sudden. Sigmund gestures at you while chanting.
The magic dart hits you. Sigmund casts a spell at you.
You resist with significant effort.
Sigmund hits you from afar with a +0 scythe!
You see here a bat skeleton.
You claw Sigmund!
Sigmund is heavily wounded.
Sigmund hits you but does no damage.
You closely miss Sigmund.
Sigmund is heavily wounded.
Sigmund casts a spell at you. You resist with significant effort.
You closely miss Sigmund.
Sigmund is heavily wounded.
Sigmund hits you with a +0 scythe.
You barely miss Sigmund.
Sigmund is heavily wounded.
You barely miss Sigmund.
Sigmund is heavily wounded.
Sigmund closely misses you.
You claw Sigmund!
Sigmund is severely wounded.
Sigmund hits you with a +0 scythe!
You barely miss Sigmund.
Sigmund is severely wounded.
Sigmund hits you with a +0 scythe.
* * * LOW HITPOINT WARNING * * *
You barely miss Sigmund.
Sigmund is severely wounded.
You closely miss Sigmund.
Sigmund is severely wounded.
Sigmund barely misses you.
You scratch Sigmund.
Sigmund is severely wounded.
Sigmund hits you with a +0 scythe.
You die...

##.#.# ##....# #...###
#..#############
########<.#...........#
...........<#########.#
###......### #......#
#.......# ##.######
#.>..@..# ##..#
##....@..###..##
#.....(......##
(#.#......#####
..........#
.####......# .
..........#
.###.....###
.....>.....########


You could see Sigmund.

Vanquished Creatures
  2 adders
  3 ball pythons
  A bat (D:2)
  A giant cockroach (D:1)
  2 goblins
  3 hobgoblins
  2 frilled lizards
  A kobold (D:2)
  A rat (D:1)
16 creatures vanquished.

Vanquished Creatures (others)
  A plant (D:1)
1 creature vanquished.

Grand Total: 17 creatures vanquished

Notes
Turn   | Place    | Note
-------+----------+-------------------------------------------
     0 | D:1      | HallandMoats the Demonspawn Fighter began the quest for the
                  | Orb.
     0 | D:1      | Reached XP level 1. HP: 18/18 MP: 1/1
   111 | D:1      | Upgraded the game from 0.29-a0-82-g837932c90e to
                  | 0.29-a0-88-g03a7b78be7
   322 | D:1      | Found Godual's General Store.
   524 | D:1      | Found a faded altar of an unknown god.
   899 | D:2      | Reached skill level 1 in Invocations
   899 | D:2      | Gained mutation: You have sharp fingernails. [demonic
                  | ancestry]
   899 | D:2      | Reached XP level 2. HP: 23/24 MP: 2/2
  1052 | D:2      | Noticed Sigmund
  1082 | D:1      | Reached XP level 3. HP: 21/29 MP: 4/4
  1335 | D:2      | Slain by Sigmund

Illustrated notes

Levels and vault maps discovered:
D:1:      psy_arrival_radial01, layout_loops_ring,
          chequers_ecumenical_altar_island, serial_bayou, serial_bayou_shore_b,
          serial_bayou_crossing, serial_bayou_pond_d, serial_bayou_pond_a,
          serial_bayou_lagoon_a, serial_shops, nicolae_shop_hallway_plus,
          grunt_decor_one_mirror, minmay_misc_feat_nine_boxes, minivault_23
D:2:      layout_rooms, basic_altar, uniq_sigmund

Skill      XL: |  1 |
---------------+----+-----
Axes           | 2 |  2.0
Invocations    | 1 |  1.5
Fighting       | |  3.2
Armour         | |  2.8
Dodging        | |  0.5
Shields        | |  2.8
Unarmed Combat | |  0.9

Action                   || total
-------------------------++-------
Melee: War axe           ||    27
       Unarmed           ||    55
  Use: Potion            ||     1
Armor: Scale mail        ||    31
Dodge: Dodged            ||    49
Block: Buckler           ||    17

Table legend: (Time is in decaauts)
 A = Elapsed time spent in this place.
 B = Non-inter-level travel time spent in this place.
 C = Inter-level travel time spent in this place.
 D = Time resting spent in this place.
 E = Time spent auto-exploring this place.
 F = Levels seen in this place.
 G = Mean time per level.
                   A        B        C        D        E       F      G
               +--------+--------+--------+--------+--------+-----+--------+
         Total |   1371 |   1361 |     10 |    223 |    940 |   2 |  685.5 |
       Dungeon |   1371 |   1361 |     10 |    223 |    940 |   2 |  685.5 |
               +--------+--------+--------+--------+--------+-----+--------+

Top non-repeatable levels by time:
     D:1: 1165 daAuts
     D:2: 206 daAuts
